 Dungeon Crawl Stone Soup version 0.30.0 (webtiles) character file.

Game seed: 15264415629812638764

63 Dani the Chopper (level 3, -8/29 HPs)
             Began as a Demonspawn Fighter on May 21, 2023.
             Killed by an exploding ball python (37 damage)
             ... ignited by their inner flame
             ... on level 3 of the Dungeon.
             The game lasted 00:02:32 (2023 turns).

Dani the Chopper (Demonspawn Fighter)               Turns: 2023, Time: 00:02:33

Health: -8/29      AC:  6    Str: 16    XL:     3   Next: 89%
Magic:  3/3        EV:  8    Int: 11    God:
Gold:   162        SH:  4    Dex: 12    Spells: 2/2 levels left

rFire   . . .        a - +0 war axe
rCold   . . .        c - +0 buckler
rNeg    . . .        b - +0 scale mail
rPois   .            (helmet restricted)
rElec   .            (no cloak)
rCorr   .            (no gloves)
SInv    .            (no boots)
Will    .....        (no amulet) Stlth
                     (no ring)
HPRegen 0.24/turn    (no ring)
MPRegen 0.08/turn

%: no passive effects
@: no status effects
A: horns 1
a: no special abilities


You were on level 3 of the Dungeon.
You visited 1 branch of the dungeon, and saw 3 of its levels.

You collected 162 gold pieces.

Inventory:

Hand Weapons
 a - a +0 war axe (weapon)
Armour
 b - a +0 scale mail (worn)
 c - a +0 buckler (worn)
Scrolls
 f - 2 scrolls of fear
 R - a scroll of identify {@r1}
 T - 2 scrolls of teleportation
Potions
 d - a potion of might
 e - 2 potions of degeneration
 g - a potion of flight {unknown}
 h - a potion of heal wounds {unknown}
 y - a potion of attraction {unknown}


   Skills:
 - Level 3.0 Fighting
 + Level 3.9 Axes
 - Level 2.6 Armour
 - Level 2.6 Shields


You had 2 spell levels left.
You didn't know any spells.
Your spell library contained the following spells:

 Spells                   Type           Power      Damage    Failure   Level
 Summon Small Mammal      Summ           0%         N/A       86%         1
 Call Canine Familiar     Summ           0%         N/A       99%         3
 Ozocubu's Armour         Ice            0%         N/A       99%         3
 Summon Guardian Golem    Hex/Summ       0%         N/A       99%         3
 Metabolic Englaciation   Hex/Ice        0%         N/A       100%        5
 Simulacrum               Ice/Necr       0%         N/A       100%        6


Dungeon Overview and Level Annotations

Branches:
Dungeon (3/15)

Altars:


Innate Abilities, Weirdness & Mutations

You have a pair of small horns on your head.


Message History

You closely miss the adder.
The adder is lightly wounded.
The adder bites you but does no damage. You block the adder's attack.
An adder is nearby!
You hit the adder.
The adder is lightly wounded.
The adder bites you.
You are poisoned.
The adder poisons you! The adder closely misses you.
An adder is nearby!
You miss the adder.
The adder is lightly wounded.
You feel sick. The adder barely misses you. The adder closely misses you.
An adder is nearby!
You miss the adder.
The adder is lightly wounded.
You feel sick. The adder barely misses you.
The adder bites you but does no damage.
An adder is nearby!
You slash the adder!
You kill the adder!
You feel sick.
You are no longer poisoned.
Key pressed, stopping explore.
No target in view!
Key pressed, stopping explore.
No target in view!
Key pressed, stopping explore.
No target in view!
Key pressed, stopping explore.
Key pressed, stopping explore.
A quokka is nearby!
A quokka is nearby!
A quokka is nearby!
A quokka is nearby!
A quokka is nearby!
The quokka bites you.
You hit the quokka.
You kill the quokka!
You see here a quokka corpse.
Key pressed, stopping explore.
No target in view!
Found a leather armour.
No target in view!
An adder comes into view.
The adder hisses angrily.
An adder is nearby!
You closely miss the adder. The adder barely misses you.
The adder closely misses you.
An adder is nearby!
You barely miss the adder. The adder barely misses you. The adder bites you.
You are poisoned.
The adder poisons you!
An adder is nearby!
You hit the adder. You headbutt the adder.
The adder is moderately wounded.
You feel sick. You block the adder's attack.
The adder bites you but does no damage.
You hit the adder. Your headbutt misses the adder.
The adder is heavily wounded.
You feel sick. The adder barely misses you.
An adder is nearby!
You hit the adder. You headbutt the adder.
You kill the adder!
You feel sick.
You are no longer poisoned.
Key pressed, stopping explore.
No target in view!
You see here an adder corpse.
You see here an adder corpse.
Key pressed, stopping explore.
No target in view!
You see here a +0 leather armour.
Key pressed, stopping explore.
No target in view!
You open the door.
There is an open door here.
You open the door.
There is an open door here.
Key pressed, stopping explore.
f - 2 scrolls of fear (gained 1) Key pressed, stopping explore.
i - a scroll labelled ZEVVAG QOWUK
Found an escape hatch in the ceiling.
There is an escape hatch in the ceiling here.
A ball python comes into view.
Found a stone staircase leading up.
As you read the scroll labelled ZEVVAG QOWUK, it crumbles to dust.
The creatures around you are filled with an inner flame!
It was a scroll of immolation.
The ball python attacks as you move away!
You block the ball python's attack. The ball python closely misses you.
An orc comes into view. It is wielding a +0 club.
You slash the orc!
You kill the orc!
You slash the ball python!
The ball python explodes!
The fiery explosion engulfs you!!!
Ouch! That really hurt!
You die...

#.#... #.#... #####.#...
...#. ## #......... ..#. .#
#.......## ...## #.#
+.......# .... ..# #.......#
..###..#.# #.......#
#.#.@....# #.......##
######.#.#)##...#.......##
###......ยงยง#... #.......##
#........#.....<. # #
#.#.####.#......... #.#####
#.#.....##.#.....####
.#......
.###.#.##.#..########.#......
..#.#.##.#..##.......#......
#.#.#.##.#..##.......#......


There were no monsters in sight!

Vanquished Creatures
  2 adders (D:3)
  2 orcs (D:3)
  4 endoplasms
  2 giant cockroaches
  3 hobgoblins
  4 jackals (D:1)
  4 quokkas
  7 ball pythons
  5 bats
  2 frilled lizards
  A goblin (D:1)
  A kobold (D:1)
  5 rats
42 creatures vanquished.

Notes
Turn   | Place    | Note
-------+----------+-------------------------------------------
     0 | D:1      | Dani the Demonspawn Fighter began the quest for the Orb.
     0 | D:1      | Reached XP level 1. HP: 18/18 MP: 1/1
   111 | D:1      | Reached skill level 2 in Axes
   123 | D:1      | Gained mutation: You have a pair of small horns on your
                  | head. [demonic ancestry]
   123 | D:1      | Reached XP level 2. HP: 20/24 MP: 2/2
   367 | D:1      | Reached skill level 3 in Axes
   674 | D:1      | Reached XP level 3. HP: 29/29 MP: 3/3
  1036 | D:2      | Found a faded altar of an unknown god.
  2023 | D:3      | Killed by an exploding ball python... ignited by their
                  | inner flame

Illustrated notes

Levels and vault maps discovered:
D:1:      ncdulo_watergridlock, layout_basic, chequers_serial_rivers_micro_c
D:2:      layout_basic, chequers_ecumenical_altar_island
D:3:      layout_basic, lemuel_crystal_altar

Skill      XL: |  1  2 |
---------------+-------+-----
Axes           | 2 3 |  3.9
Fighting       | |  3.0
Armour         | |  2.6
Shields        | |  2.6

Action                     || total
---------------------------++-------
  Melee: War axe           ||   103
         Headbutt          ||    14
    Use: Scroll            ||     7
         Potion            ||     1
 Armour: Scale mail        ||    59
  Dodge: Dodged            ||    47
  Block: Buckler           ||    26

Levels and vault maps discovered:
D:1:      ncdulo_watergridlock, layout_basic, chequers_serial_rivers_micro_c
D:2:      layout_basic, chequers_ecumenical_altar_island
D:3:      layout_basic, lemuel_crystal_altar

Table legend: (Time is in decaauts)
 A = Elapsed time spent in this place.
 B = Non-inter-level travel time spent in this place.
 C = Inter-level travel time spent in this place.
 D = Time resting spent in this place.
 E = Time spent auto-exploring this place.
 F = Levels seen in this place.
 G = Mean time per level.
                   A        B        C        D        E       F      G
               +--------+--------+--------+--------+--------+-----+--------+
         Total |   2075 |   1942 |    133 |      0 |   1626 |   3 |  691.7 |
       Dungeon |   2075 |   1942 |    133 |      0 |   1626 |   3 |  691.7 |
               +--------+--------+--------+--------+--------+-----+--------+

Top non-repeatable levels by time:
     D:1: 1016 daAuts
     D:2: 615 daAuts
     D:3: 442 daAuts

Table legend:
 A = Kills in this place as a percentage of kills in the entire game.
 B = Kills by you in this place as a percentage of kills by you in the entire game.
 C = Kills by friends in this place as a percentage of kills by friends in the entire game.
 D = Other kills in this place as a percentage of other kills in the entire game.
 E = Experience gained in this place as a percentage of experience gained in the entire game.
 F = Experience gained in this place divided by the number of levels of this place that you have seen.
                   A       B       C       D       E      F
               +-------+-------+-------+-------+-------+----------------------
         Total | 100.0 | 100.0 |   N/A |   N/A | 100.0 |  31.7
       Dungeon | 100.0 | 100.0 |   N/A |   N/A | 100.0 |  31.7
               +-------+-------+-------+-------+-------+----------------------
